 Dungeon Crawl Stone Soup version 0.20-a0-470-gbb038bd (webtiles) character file.

6689 Klosterheim the Cleaver (level 10, -6/77 HPs)
             Began as a Demonspawn Fighter on Jan 13, 2017.
             Was an Elder of Okawaru.
             Mangled by a queen bee (8 damage)
             ... on level 12 of the Dungeon.
             The game lasted 00:28:33 (14228 turns).

Klosterheim the Cleaver (Demonspawn Fighter)       Turns: 14228, Time: 00:28:33

Health: -6/77      AC: 17    Str: 19    XL:     10   Next: 74%
Magic:  0/10       EV:  7    Int:  9    God:    Okawaru [****..]
Gold:   409        SH:  0    Dex: 14    Spells: 9/9 levels left

rFire  . . .     SeeInvis .     C - +1 war axe (venom)
rCold  . . .     Gourm    .     m - +0 plate armour
rNeg   . . .     Faith    .     c - +1 shield
rPois  +         Spirit   +     (no helmet)
rElec  .         Reflect  .     n - +2 cloak
rCorr  .         Harm     .     (no gloves)
MR     .....                    t - +0 pair of boots
Stlth  ..........               i - amulet of inaccuracy (curse)
                                E - +4 ring of evasion
                                y - ring of poison resistance

@: confused, lethally poisoned (-6 -> -9), flying
A: talons 2, powered by pain 1, magic shield, magic regeneration
a: Heroism, Renounce Religion


You were on level 12 of the Dungeon.
You worshipped Okawaru.
Okawaru was greatly pleased with you.
You were not hungry.

You visited 2 branches of the dungeon, and saw 11 of its levels.

You collected 409 gold pieces.

Inventory:

Hand Weapons
 a - a +0 battleaxe
 C - a +1 war axe of venom (weapon)
Armour
 c - a +1 shield (worn)
 m - a +0 plate armour (worn)
 n - a +2 cloak (worn)
 t - a +0 pair of boots (worn)
Jewellery
 e - a +2 amulet of reflection {unknown}
 h - an uncursed amulet of regeneration {unknown}
 i - a cursed amulet of inaccuracy (around neck)
 s - an uncursed ring of ice
 y - a ring of poison resistance (left hand)
 E - a +4 ring of evasion (right hand)
 K - a +5 amulet of reflection {unknown}
Wands
 F - a wand of lightning (3/15)
 H - a wand of confusion (15/48)
 I - a wand of random effects (12/48)
 L - a wand of iceblast (0/15)
Scrolls
 d - a scroll of enchant armour
 A - 4 scrolls of teleportation
 B - 4 scrolls of identify
Potions
 b - a potion of agility {unknown}
 l - a potion of cancellation {unknown}
 o - a potion of lignification {unknown}
 p - a potion of magic
 u - a potion of ambrosia
 v - a potion of degeneration {unknown}
 D - a potion of invisibility {unknown}
Comestibles
 f - 6 bread rations
 g - a royal jelly
 j - 6 meat rations
 q - 5 beef jerkies
 w - 3 chunks of flesh
 z - 2 slices of pizza


   Skills:
 + Level 6.5 Fighting
 - Level 12.7 Axes
   Level 1.5 Staves
 + Level 6.0 Armour
 - Level 2.6 Shields


You had 9 spell levels left.
You didn't know any spells.

Dungeon Overview and Level Annotations

Branches:
Dungeon (9/15)             Temple (1/1) D:6
   Lair: D:8-11         Orc: D:9-12

Altars:
Ashenzari
Cheibriados
Dithmenos
Elyvilon
Fedhas
Gozag
Hepliaklqana
Kikubaaqudgha
Makhleb
Nemelex Xobeh
Okawaru
Qazlal
Ru
Sif Muna
Trog
Uskayaw
Vehumet
Xom
Yredelemnul
Zin
The Shining One


Innate Abilities, Weirdness & Mutations

You have razor-sharp toenails.
You sometimes gain a little power by taking damage.
When hurt, damage is shared between your health and your magic reserves.
You regenerate magic rapidly.


Message History

You feel invigorated.
* * * LOW HITPOINT WARNING * * *
You feel sick.
The killer bee stings you but does no damage.
The killer bee barely misses you. x2
The killer bee stings you but does no damage.
The queen bee calls on the killer bee to defend it!
The killer bee goes berserk!
It was a potion of flight.
You feel very buoyant.
You fly up into the air.
You feel sick. The killer bee stings you.
* * * LOW HITPOINT WARNING * * *
The killer bee stings you but does no damage.
The killer bee stings you.
* * * LOW HITPOINT WARNING * * *
The killer bee stings you but does no damage.
The killer bee stings you.
* * * LOW HITPOINT WARNING * * *
The queen bee stings you!
You die...

########..#####
########..###########
......................
......................
......................
..........##########..
..........#
.......yyy########
........@.h.......
..................
#############..### .#
#


You could see a queen bee, a hound and 2 killer bees.

Vanquished Creatures
  A two-headed ogre (D:12)
  Pikel (D:7)
  A komodo dragon (D:12)
  A hornet (D:9)
  Grinder (D:6)
  A hippogriff (D:8)
  Sigmund (D:5)
  A shadow (D:12)
  Edmund (D:4)
  4 ice beasts
  2 sky beasts
  2 slaves (D:7)
  2 orc warriors
  2 phantoms
  4 centaurs
  2 ogres
  A crocodile (D:8)
  5 bullfrogs
  3 scorpions
  A water moccasin skeleton (D:4)
  15 killer bees
  3 wights (D:8)
  3 howler monkeys
  3 crimson imps
  A bullfrog zombie (D:6)
  5 hounds
  A jelly (D:9)
  An orc priest (D:9)
  7 orc wizards
  Crazy Yiuf (D:2)
  6 iguanas
  Jessica (D:2)
  Terence (D:2)
  Natasha (thrice) (D:3)
  9 worker ants
  A hound zombie (D:8)
  A hound skeleton (D:5)
  17 adders
  3 gnolls
  A shadow imp (D:8)
  2 oozes
  An adder skeleton (D:7)
  5 worms
  2 dart slugs
  3 leopard geckos
  39 orcs
  A ball python (D:5)
  7 giant cockroaches
  6 goblins
  7 hobgoblins
  5 jackals
  7 quokkas
  5 bats
  6 frilled lizards
  A jackal skeleton (D:4)
  12 kobolds
  A leopard gecko zombie (D:5)
  A quokka skeleton (D:6)
  10 rats
  2 plants (D:1)
243 creatures vanquished.

Vanquished Creatures (others)
  2 slaves (D:7)
  A killer bee (D:7)
  An orc (D:7)
  A plant (D:5)
5 creatures vanquished.

Grand Total: 248 creatures vanquished

Notes
Turn   | Place    | Note
-------+----------+-------------------------------------------
     0 | D:1      | Klosterheim the Demonspawn Fighter began the quest for the Orb.
     0 | D:1      | Reached XP level 1. HP: 18/18 MP: 1/1
    35 | D:1      | Reached skill level 2 in Axes
    63 | D:1      | Gained mutation: When hurt, damage is shared between your health and your magic reserves. [demonic ancestry]
    63 | D:1      | Reached XP level 2. HP: 11/24 MP: 2/2
   975 | D:1      | Reached skill level 3 in Axes
  1213 | D:2      | Gained mutation: You sometimes gain a little power by taking damage. [demonic ancestry]
  1213 | D:2      | Reached XP level 3. HP: 19/29 MP: 1/3
  1369 | D:2      | Noticed Terence
  1388 | D:2      | Killed Terence
  1435 | D:2      | Noticed Jessica
  1436 | D:2      | Killed Jessica
  1436 | D:2      | Reached skill level 4 in Axes
  1436 | D:2      | Reached XP level 4. HP: 35/35 MP: 4/4
  1842 | D:2      | Found a snail-covered altar of Cheibriados.
  2033 | D:2      | Found a runed door.
  2127 | D:2      | Found a glowing golden altar of the Shining One.
  2485 | D:2      | Reached XP level 5. HP: 21/41 MP: 5/5
  2742 | D:2      | Noticed Crazy Yiuf
  2759 | D:2      | Killed Crazy Yiuf
  2759 | D:2      | Reached skill level 5 in Axes
  3984 | D:3      | Noticed Natasha
  4015 | D:3      | Killed Natasha
  4015 | D:3      | Gained mutation: You have sharp toenails. [demonic ancestry]
  4015 | D:3      | Reached XP level 6. HP: 20/47 MP: 1/6
  4699 | D:3      | Noticed Natasha
  4710 | D:3      | Killed Natasha
  4710 | D:3      | Reached skill level 6 in Axes
  4808 | D:3      | Noticed Natasha
  4845 | D:3      | Killed Natasha
  6007 | D:4      | Got a slimy lajatang
  6013 | D:4      | Identified the +6 lajatang of Pride {slice, Str+4 Stlth+} (You found it on level 4 of the Dungeon)
  6046 | D:4      | Found a burning altar of Makhleb.
  6059 | D:4      | Noticed an ice beast
  6067 | D:4      | Killed an ice beast
  6067 | D:4      | Reached skill level 7 in Axes
  6067 | D:4      | Gained mutation: You have razor-sharp toenails. [demonic ancestry]
  6067 | D:4      | Reached XP level 7. HP: 40/52 MP: 7/7
  6083 | D:4      | Noticed Edmund
  6091 | D:4      | Killed Edmund
  6334 | D:4      | Reached skill level 1 in Staves
  6974 | D:5      | Entered Level 5 of the Dungeon
  6976 | D:5      | Found a shimmering altar of Xom.
  7097 | D:5      | Reached skill level 8 in Axes
  7505 | D:5      | Noticed Sigmund
  7524 | D:5      | Killed Sigmund
  7524 | D:5      | Gained mutation: You regenerate magic rapidly. [demonic ancestry]
  7524 | D:5      | Reached XP level 8. HP: 41/58 MP: 5/8
  7918 | D:5      | Reached skill level 9 in Axes
  8791 | D:6      | Reached skill level 10 in Axes
  8800 | D:6      | Noticed Grinder
  8804 | D:6      | Paralysed by Grinder for 2 turns
  8823 | D:6      | Killed Grinder
  8863 | D:6      | Found a staircase to the Ecumenical Temple.
  8870 | Temple   | Entered the Ecumenical Temple
  9065 | Temple   | Became a worshipper of Warmaster Okawaru
  9280 | D:7      | Found a shimmering altar of Xom.
  9294 | D:7      | Reached XP level 9. HP: 49/63 MP: 7/9
  9302 | D:7      | Noticed a hand axe
  9303 | D:7      | Noticed a dagger
  9332 | D:7      | Found a hide-covered altar of Uskayaw.
  9333 | D:7      | Noticed Pikel
  9474 | D:7      | Killed Pikel
  9474 | D:7      | Reached * piety under Okawaru
  9474 | D:7      | Reached skill level 11 in Axes
  9556 | D:7      | Found a sparkling altar of Nemelex Xobeh.
 10732 | D:6      | Reached skill level 12 in Axes
 11318 | D:7      | Found a hazy altar of Hepliaklqana.
 11318 | D:7      | Found an ancient bone altar of Kikubaaqudgha.
 11319 | D:7      | Found a deep blue altar of Sif Muna.
 11985 | D:8      | Reached ** piety under Okawaru
 12023 | D:8      | Reached XP level 10. HP: 26/70 MP: 3/10
 13549 | D:9      | Reached skill level 5 in Fighting
 13845 | D:9      | Found a blossoming altar of Fedhas.
 13880 | D:9      | You fall through a shaft for 3 floors!
 13899 | D:12     | Reached *** piety under Okawaru
 13899 | D:12     | Reached skill level 5 in Armour
 14208 | D:12     | Noticed a two-headed ogre
 14226 | D:12     | Killed a two-headed ogre
 14226 | D:12     | Reached **** piety under Okawaru
 14226 | D:12     | HP: 2/77 [killer bee (5)]
 14228 | D:12     | Mangled by a queen bee

Vault maps used:
D:1:      dpeg_arrival_rooms_with_view, serial_forest,
          infiniplex_forest_straight_3, infiniplex_forest_clump_curved,
          infiniplex_forest_lined_corner, infiniplex_forest_corner_1,
          infiniplex_forest_zigzag_2, infiniplex_forest_clump_long,
          lemuel_another_geyser
D:2:      tso_metal_star, nicolae_overflow_hidden_temple, first_bread,
          uniq_terence, uniq_jessica, uniq_crazy_yiuf_cottage
D:3:      kennysheep_generic_room_12, uniq_natasha
D:4:      old_standard_altar, minmay_bent, uniq_edmund
D:5:      lemuel_ice_spiral_2, basic_altar, chequers_big_river, uniq_sigmund
D:6:      uniq_grinder
D:7:      dancing_weapons_uskayaw, lemuel_doored_altar,
          gammafunk_temple_overflow_claw, xom_teletrap_fun, sigmund_army,
          uniq_pikel
D:8:      chequers_ossuary_entry_cave
D:9:      kennysheep_little_box, hangedman_misty_isle
D:12:     david_orc_3, david_nohive_1, yredelemnul_altar_generic
Temple:   minmay_temple_curvy_loop

Skill      XL: |  1  2  3  4  5  6  7  8  9 10 |
---------------+-------------------------------+-----
Axes           | 2 3 4 5 7 8 10 12 | 12.7
Staves         | 1 |  1.5
Armour         | 3 6 |  6.0
Fighting       | 6 |  6.5
Shields        | |  2.6

Action                   |  1- 3 |  4- 6 |  7- 9 | 10-12 || total
-------------------------+-------+-------+-------+-------++-------
Melee: War axe           |   214 |   669 |       |   118 ||  1001
       Lajatang          |       |    10 |   690 |    71 ||   771
       Kick              |       |     6 |       |       ||     6
       Battleaxe         |       |       |       |    32 ||    32
Evoke: Wand              |       |       |       |     4 ||     4
  Use: Scroll            |     4 |     4 |     5 |     1 ||    14
       Potion            |       |       |     4 |    10 ||    14
  Eat: Chunk             |     2 |    17 |    18 |     8 ||    45
       Fruit             |       |       |     3 |       ||     3
Armor: Scale mail        |    37 |       |       |       ||    37
       Plate armour      |    23 |   542 |   581 |   199 ||  1345
Dodge: Dodged            |    19 |    59 |   476 |   165 ||   719
Block: Shield            |    68 |   384 |       |    57 ||   509
